 Dungeon Crawl Stone Soup version 0.22.0 (webtiles) character file.

936 HaroldButt the Changer (level 7, -1/52 HPs)
             Began as a Demigod Transmuter on Aug 11, 2018.
             Slain by an ice beast (6 damage)
             ... on level 6 of the Dungeon.
             The game lasted 00:23:51 (7429 turns).

HaroldButt the Changer (Demigod Transmuter)         Turns: 7429, Time: 00:23:51

Health: -1/52      AC:  2    Str: 19    XL:     7   Next: 56%
Magic:  1/15       EV: 20    Int: 17    God:
Gold:   313        SH:  0    Dex: 21    Spells: 6/12 levels left

rFire    . . .     SeeInvis .     - Unarmed
rCold    . . .     Gourm    .   (shield currently unavailable)
rNeg     + . .     Faith    .   (armour currently unavailable)
rPois    x         Spirit   .   (helmet currently unavailable)
rElec    .         Reflect  .   (cloak currently unavailable)
rCorr    .         Harm     .   (gloves currently unavailable)
MR       .....                  (boots currently unavailable)
Stlth    ++........             (no amulet)
HPRegen  0.17/turn              q - +2 ring of strength
MPRegen  0.14/turn              p - ring of positive energy

@: spider-form, very slightly contaminated
A: tiny, high mp 1
a: End Transformation


You were on level 6 of the Dungeon.
You were not hungry.
You were a venomous arachnid creature.
You visited 1 branch of the dungeon, and saw 6 of its levels.

You collected 313 gold pieces.


Innate Abilities, Weirdness & Mutations

You have an increased reservoir of magic. (+10% MP)


   Skills:
 - Level 1.5 Fighting
 - Level 2.5 Armour
 - Level 2.1 Dodging
 - Level 5.0 Unarmed Combat
 - Level 3.4 Spellcasting
 + Level 5.3 Transmutations


You had 6 spell levels left.
You knew the following spells:

 Your Spells              Type           Power        Failure   Level  Hunger
x - Spider Form           Tmut/Pois      ##........   36%         3    ###....
z - Beastly Appendage     Tmut           ###...       8%          1    None
Z - Sticks to Snakes      Tmut           ###.....     10%         2    ##.....

Your spell library contained the following spells:

 Spells                   Type           Power        Failure   Level  Hunger
 Blade Hands              Tmut           ###.......   67%         5    ######.
 Ice Form                 Ice/Tmut       ##......     71%         4    ####...

Inventory:

Missiles
 a - 100 arrows
Armour
 c - a +0 leather armour
 f - a +0 shield
 k - a +0 ring mail
 m - a +0 helmet (melded)
 r - the +5 ring mail of Naxakij (melded) {rPois rC+ MP-9 Int+9}

   It affects your intelligence (+9).
   It protects you from cold.
   It protects you from poison.
   It affects your magic capacity (-9).
 u - a +0 buckler
Magical Staves
 e - an uncursed staff of fire {unknown}
Jewellery
 p - a ring of positive energy (right front leg)
 q - a +2 ring of strength (left front leg)
Wands
 v - a wand of flame (16)
Scrolls
 b - 3 scrolls of enchant armour {unknown}
 g - 3 scrolls of identify {@r1}
 j - a scroll of immolation {unknown}
 n - a scroll of amnesia
 o - a scroll of enchant weapon
 s - 4 scrolls of teleportation {@r4}
Potions
 h - a potion of cancellation
 i - 2 potions of heal wounds {@q2}
 l - 3 potions of curing {@q1}
 w - a potion of haste {@q3}
 x - a potion of might {unknown}
 z - a potion of lignification {unknown}
Comestibles
 d - 13 rations

Dungeon Overview and Level Annotations

Branches:
Dungeon (6/15)             Temple (0/1) D:5

...............▒
...............▒...▒
...............▒...▒▒
...............▒....+
...............▒....▒
...............▒....▒
....o.▒▒▒▒.....▒...▒
.▒▒▒▒...o'o....▒...▒
...▒▒.[..▒.Y(..▒s).▒
....▒.>..▒▒▒'▒▒▒Yo.▒
....▒....▒...((o...▒
_........▒......(..▒
....▒....▒.........▒
....▒.+▒▒▒▒........▒
...▒▒..
▒...▒▒▒▒▒▒▒▒▒+▒▒+▒▒▒▒▒▒
.▒▒▒▒...
▒...▒..................
.........
▒...▒..................


You could see an ice beast and 2 orcs.


Message History

The orc wizard looks as sick as possible!
The orc wizard is severely wounded.
The orc wizard misses you.
You barely miss the orc wizard.
The orc wizard is almost dead.
The ice beast barely misses you. The orc wizard closely misses you.
An orc comes into view. It is wielding a hand axe.
You bite the orc wizard!
You kill the orc wizard!
The ice beast misses you. The orc barely misses you.
You hit the ice beast.
The ice beast is lightly wounded.
The ice beast closely misses you.
You bite the ice beast!
The ice beast is heavily wounded.
The orc barely misses you. The ice beast misses you.
You hit the ice beast but do no damage.
The ice beast is poisoned.
The ice beast is heavily wounded.
The ice beast misses you. The orc completely misses you.
You hit the ice beast but do no damage.
The ice beast is heavily wounded.
The ice beast hits you.
* * * LOW HITPOINT WARNING * * *
The ice beast freezes you.
You die...

Action                   |  1- 3 |  4- 6 |  7- 9 || total
-------------------------+-------+-------+-------++-------
Melee: Unarmed           |   163 |   220 |    65 ||   448
       Headbutt          |     6 |     4 |       ||    10
       Kick              |     6 |    40 |    16 ||    62
       Punch             |       |     3 |     1 ||     4
 Cast: Beastly Appendage |    19 |    18 |     3 ||    40
       Sticks to Snakes  |       |     8 |       ||     8
       Spider Form       |       |     3 |     1 ||     4
Evoke: Wand              |       |     5 |       ||     5
  Use: Potion            |       |     9 |       ||     9
       Scroll            |       |     8 |     1 ||     9
 Stab: Sleeping          |     2 |       |       ||     2
  Eat: Chunk             |     4 |     8 |       ||    12
       Ration            |     1 |     1 |     1 ||     3
Armor: Leather armour    |    29 |    44 |       ||    73
       Ring mail         |       |     6 |    23 ||    29
       Skin              |       |     1 |       ||     1
Dodge: Dodged            |   101 |   108 |    45 ||   254

Vault maps used:
D:1:      arrival_zaba_pyramid
D:2:      first_ration
D:3:      grunt_dithmenos_smoke_and_mirrors, lemuel_round_altar,
          chequers_ecumenical_altar_grove, lemuel_blue_sif_altar, uniq_ijyb
D:4:      serial_forest, infiniplex_forest_clump_tiny,
          infiniplex_forest_corner_1, infiniplex_forest_clump_medium,
          infiniplex_forest_clump_cross, infiniplex_forest_end_2,
          infiniplex_forest_lined_1, infiniplex_forest_end_1,
          minmay_crystal_water, kennysheep_generic_room_6, uniq_robin,
          uniq_eustachio
D:5:      lemuel_coloured_pillars_altar, minmay_temple_entry_large_hall,
          grunt_gozag_statues
D:6:      kennysheep_windowed_halls, old_standard_altar, minmay_misc_feat_room

Notes
Turn   | Place    | Note
-------+----------+-------------------------------------------
     0 | D:1      | HaroldButt the Demigod Transmuter began the quest for the Orb.
     0 | D:1      | Reached XP level 1. HP: 15/15 MP: 5/5
    56 | D:1      | Reached skill level 2 in Transmutations
   528 | D:1      | Reached XP level 2. HP: 22/22 MP: 7/7
   532 | D:1      | Learned a level 2 spell: Sticks to Snakes
  1248 | D:2      | Reached skill level 3 in Transmutations
  1628 | D:2      | Reached XP level 3. HP: 18/27 MP: 8/8
  2083 | D:2      | Reached skill level 4 in Transmutations
  2949 | D:3      | Reached XP level 4. HP: 30/34 MP: 7/9
  3030 | D:3      | Reached skill level 3 in Unarmed Combat
  3292 | D:3      | Found a shadowy altar of Dithmenos.
  3590 | D:3      | Found a faded altar of an unknown god.
  3704 | D:3      | Learned a level 3 spell: Spider Form
  3850 | D:3      | Reached skill level 4 in Unarmed Combat
  3850 | D:3      | Reached XP level 5. HP: 19/39 MP: 8/10
  4043 | D:3      | Noticed Ijyb
  4067 | D:3      | Killed Ijyb
  4067 | D:3      | Reached skill level 1 in Fighting
  4538 | D:3      | Found a radiant altar of Vehumet.
  4563 | D:3      | Reached skill level 1 in Armour
  4659 | D:3      | Found a deep blue altar of Sif Muna.
  4723 | D:4      | Noticed a centaur
  4734 | D:3      | HP: 3/40 [centaur (4)]
  4738 | D:3      | Killed a centaur
  4738 | D:3      | Reached skill level 2 in Armour
  5152 | D:4      | Reached skill level 2 in Dodging
  5152 | D:4      | Reached XP level 6. HP: 15/47 MP: 9/11
  5184 | D:3      | HP: 4/47 [poisoned by a worker ant]
  5502 | D:4      | Noticed Robin
  5528 | D:4      | Killed Robin
  5764 | D:4      | Noticed Eustachio
  5839 | D:4      | Killed Eustachio
  5839 | D:4      | Reached skill level 5 in Transmutations
  6330 | D:4      | Got a polished ring mail
  6343 | D:4      | Identified the +5 ring mail of Naxakij {rPois rC+ MP-9 Int+9} (You found it on level 4 of the Dungeon)
  6598 | D:4      | Reached XP level 7. HP: 48/52 MP: 1/12
  6868 | D:5      | Entered Level 5 of the Dungeon
  6892 | D:5      | Found an opulent altar of Gozag.
  6934 | D:5      | Found a staircase to the Ecumenical Temple.
  7058 | D:5      | Reached skill level 5 in Unarmed Combat
  7066 | D:5      | Found a hazy altar of Hepliaklqana.
  7198 | D:5      | Reached skill level 2 in Spellcasting
  7385 | D:6      | Found an iron altar of Okawaru.
  7418 | D:6      | Reached skill level 3 in Spellcasting
  7422 | D:6      | HP: 5/52 [ice beast (6)]
  7429 | D:6      | HP: 5/52 [ice beast (1)]
  7429 | D:6      | Slain by an ice beast

Vanquished Creatures
  Eustachio (D:4)
  2 centaurs
  A bullfrog (D:6)
  A scorpion (D:4)
  A crimson imp (D:3)
  A centaur zombie (D:5)
  A bullfrog zombie (D:3)
  2 hounds
  Ijyb (D:3)
  An iguana (D:4)
  3 orc wizards
  3 worker ants
  Robin (D:4)
  7 adders
  An ooze (D:5)
  An adder zombie (D:5)
  2 worms
  A dart slug (D:2)
  A leopard gecko (D:3)
  6 orcs
  A giant cockroach (D:1)
  17 goblins
  15 hobgoblins
  5 jackals
  2 quokkas (D:2)
  5 bats
  7 frilled lizards
  5 kobolds
  A quokka skeleton (D:4)
  3 rats
99 creatures vanquished.
